 Dungeon Sprint DCSS version 0.29.1-1-gd02db6906a (webtiles) character file.

Game seed: 378280039453830194

29687 Groucho the Tortoise (level 13, -22/138 HPs)
             Began as a Minotaur Fighter on Oct 9, 2022.
             Was the Champion of Qazlal.
             Annihilated by Rupert
             ... wielding a +2 executioner's axe of distortion
              (26 damage)
             ... in the Dungeon (Sprint VII: "The Pits").
             The game lasted 00:15:03 (4905 turns).

Groucho the Tortoise (Minotaur Fighter)             Turns: 4905, Time: 00:15:04

Health: -22/138    AC: 28    Str: 24    XL:     13   Next: 16%
Magic:  6/24       EV:  8    Int:  5    God:    Qazlal [******]
Gold:   33         SH: 17    Dex: 18    Spells: 12/12 levels left

rFire   . . .      SeeInvis .   s - +2 war axe (freeze)
rCold   . . .      Faith    .   c - +0 buckler
rNeg    . . .      Spirit   .   t - +3 plate armour
rPois   .          Reflect  .   (helmet restricted)
rElec   .          Harm     .   (no cloak)
rCorr   .          Rampage  .   v - +0 pair of gloves
Will    .....      NoTele   +   u - +0 pair of boots
Stlth   ..........              (no amulet)
HPRegen 0.33/turn               b - +3 ring of dexterity
MPRegen 0.19/turn               p - +3 ring of dexterity

@: protected from physical damage, repel missiles
A: horns 2, retaliatory headbutt
a: Renounce Religion, Upheaval, Elemental Force, Disaster Area


You were in the Dungeon.
You worshipped Qazlal.
Qazlal was exalted by your worship.
You visited 1 branch You collected 33 gold pieces.

Inventory:

Hand Weapons
 a - a +2 morningstar of protection
 s - a +2 war axe of freezing (weapon)
Missiles
 n - 14 stones (quivered)
Armour
 c - a +0 buckler (worn)
 t - a +3 plate armour (worn)
 u - a +0 pair of boots (worn)
 v - a +0 pair of gloves (worn)
Jewellery
 b - a +3 ring of dexterity (left hand)
 p - a +3 ring of dexterity (right hand)
 x - a ring of see invisible
 y - a ring of positive energy
 A - a ring of ice
Wands
 o - a wand of charming (7)
Scrolls
 j - a scroll of blinking
 l - 5 scrolls of amnesia
 m - a scroll of summoning
 w - 3 scrolls of identify
 z - 3 scrolls of fear
 B - 3 scrolls of butterflies
 C - 2 scrolls of enchant armour
Potions
 d - 6 potions of might
 e - 6 potions of curing
 g - a potion of haste
 h - 3 potions of magic
 i - 4 potions of berserk rage
 q - 3 potions of brilliance
 r - 4 potions of mutation


   Skills:
 + Level 19.4 Fighting
 - Level 18.0 Axes
 + Level 19.5 Armour
 + Level 19.4 Shields
 + Level 16.3 Invocations


You had 12 spell levels left.
You didn't know any spells.
Your spell library was empty.

Dungeon Overview and Level Annotations

Branches:
Dungeon (1/1)

Altars:
Ashenzari
Cheibriados
Dithmenos
Elyvilon
Fedhas
Gozag
Hepliaklqana
Kikubaaqudgha
Makhleb
Nemelex Xobeh
Okawaru
Qazlal
Ru
Sif Muna
Trog
Uskayaw
Vehumet
Wu Jian
Xom
Yredelemnul
Zin
The Shining One
Jiyva
Lugonu

Annotations:
D Rupert


Innate Abilities, Weirdness & Mutations

You have a pair of horns on your head.
You reflexively headbutt those who attack you in melee.


Message History

The orc knight hits you with a +0 great mace!!
* * * LOW HITPOINT WARNING * * *
Your resistance to fire fades away.
You feel protected from physical attacks.
The vault guard hits you but does no damage.
You block the vault guard's attack.
The vault guard is engulfed in freezing vapours.
You kill the vault guard!
Qazlal accepts your kill.
The wind drake is struck by lightning.
You kill the wind drake!
Qazlal accepts your kill. You block the vault guard's attack.
You block Rupert's attack.
You feel better.
The orc knight no longer looks unusually strong. x2
You block the vault guard's attack.
The orc knight roars a battlecry!
The orc knight goes into a battle-frenzy!
The dire elephant closely misses you.
The dire elephant trunk-slaps you but does no damage.
You block the orc knight's attack.
The vault guard hits you but does no damage.
Rupert barely misses you. You furiously retaliate!
You headbutt Rupert! You block the vault guard's attack.
You feel better.
Rupert hits you with a +2 executioner's axe of distortion!!
* * * LOW HITPOINT WARNING * * *
You feel more protected from physical attacks.
Space warps around you.
* * * LOW HITPOINT WARNING * * *
The orc knight hits you but does no damage.
The vault guard closely misses you.
The orc knight is engulfed in blazing flames.
The orc knight roars a battlecry!
The orc knight goes into a battle-frenzy!
You block the dire elephant's attack.
The dire elephant trunk-slaps you but does no damage.
You block the vault guard's attack. x2
Rupert hits you with a +2 executioner's axe of distortion!!
You die...

++###############################
......................)........†.
.....).........................).
..##############''##############.
..# #.)○§p°..# #. ..#
#.#.#○@pE#.#.# #. ..#
#...oY@o.....# #. ..#
#.#.#dp☼.#.#.# #. ..#
#...p)..[....# #. .)#
#.#.#))..#)#.# #. ).#
......)))...... #. ).#
#.#.#.#.)..#.#.# #. ..#
..#...#....#...# #. ### ###
###### ### #+


You could see Rupert (berserk), a dire elephant, a yellow draconian, 4 vault
guards, 2 orc knights and an earth elemental.

Vanquished Creatures
  Ilsuiw (D)
  A ghost moth (D)
  2 orc warlords (D)
  A white draconian (D)
  A merfolk javelineer (D)
  A merfolk impaler (D)
  A catoblepas (D)
  A boulder beetle (D)
  A vault guard (D)
  A two-headed ogre (D)
  A death knight (D)
  A naga warrior (D)
  3 death yaks (D)
  An orc high priest (D)
  A deep elf knight (D)
  A fire crab (D)
  A spriggan druid (D)
  A deep troll (D)
  A sea snake (D)
  2 bog bodies (D)
  10 orc knights (D)
  An orc sorcerer (D)
  A deep elf zephyrmancer (D)
  A black mamba (D)
  Maurice (D)
  A molten gargoyle (D)
  Joseph (D)
  A gargoyle (D)
  A smoke demon (D)
  A demonic crawler (D)
  An ice devil (D)
  A komodo dragon (D)
  A yaktaur (D)
  An efreet (D)
  A red devil (D)
  A merfolk (D)
  A wandering mushroom (D)
  A polar bear (D)
  A wind drake (D)
  2 hornets (D)
  11 dream sheep (D)
  2 snapping turtles (D)
  A jumping spider (D)
  A wyvern (D)
  2 spriggans (D)
  2 fire bats (D)
  A basilisk (D)
  2 floating eyes (D)
  A water moccasin (D)
  3 orc warriors (D)
  A black bear (D)
  5 wolves (D)
  2 ogres (D)
  A centaur (D)
  A scorpion (D)
  A crimson imp (D)
  2 orc priests (D)
  An iron imp (D)
  An iguana (D)
  An orc wizard (D)
  An adder (D)
  A river rat (D)
  A white imp (D)
  2 ufetubi (D)
  An adder zombie (D)
  10 orcs (D)
  A ball python (D)
  An endoplasm (D)
  2 giant cockroaches (D)
  6 jackals (D)
  2 quokkas (D)
  A ball python skeleton (D)
  A kobold (D)
  A rat (D)
127 creatures vanquished.

Vanquished Creatures (others)
  An orc (D)
  A jackal (D)
2 creatures vanquished.

Grand Total: 129 creatures vanquished

Notes
Turn   | Place    | Note
-------+----------+-------------------------------------------
     0 | D        | Groucho the Minotaur Fighter began the quest for the Orb.
     0 | D        | Reached XP level 1. HP: 19/19 MP: 0/0
    38 | D        | Found a bloodstained altar of Trog.
    38 | D        | Found a shimmering blue altar of Sif Muna.
    38 | D        | Found a viscous altar of Jiyva.
    38 | D        | Found a hazy altar of Hepliaklqana.
    38 | D        | Found an opulent altar of Gozag.
    39 | D        | Found a glowing golden altar of the Shining One.
    39 | D        | Found a glowing silver altar of Zin.
    39 | D        | Found a basalt altar of Yredelemnul.
    39 | D        | Found a shimmering altar of Xom.
    39 | D        | Found an ornate altar of the Wu Jian Council.
    39 | D        | Found a sacrificial altar of Ru.
    39 | D        | Found a stormy altar of Qazlal.
    39 | D        | Found an iron altar of Okawaru.
    39 | D        | Found a sparkling altar of Nemelex Xobeh.
    39 | D        | Found a burning altar of Makhleb.
    39 | D        | Found a blossoming altar of Fedhas.
    39 | D        | Found a white marble altar of Elyvilon.
    39 | D        | Found a shadowy altar of Dithmenos.
    39 | D        | Found a snail-covered altar of Cheibriados.
    41 | D        | Found a radiant altar of Vehumet.
    41 | D        | Found a corrupted altar of Lugonu.
    42 | D        | Found a hide-covered altar of Uskayaw.
    42 | D        | Found an ancient bone altar of Kikubaaqudgha.
    42 | D        | Found a broken altar of Ashenzari.
    52 | D        | Became a worshipper of Qazlal Stormbringer
    71 | D        | Reached skill level 1 in Invocations
   208 | D        | Reached * piety under Qazlal
   209 | D        | Reached XP level 2. HP: 17/28 MP: 0/2
   582 | D        | Noticed a scorpion
   599 | D        | Killed a scorpion
   600 | D        | Reached skill level 5 in Fighting
   600 | D        | Reached skill level 5 in Armour
   600 | D        | Reached skill level 5 in Shields
   600 | D        | Reached XP level 3. HP: 16/37 MP: 2/4
   600 | D        | Reached XP level 4. HP: 19/44 MP: 2/5
  1087 | D        | Reached ** piety under Qazlal
  1088 | D        | Reached skill level 5 in Axes
  1156 | D        | Noticed a black bear
  1156 | D        | Noticed a fire bat
  1156 | D        | Noticed a fire bat
  1170 | D        | Killed a fire bat
  1171 | D        | Reached skill level 5 in Invocations
  1171 | D        | Reached XP level 5. HP: 27/52 MP: 5/7
  1178 | D        | Killed a black bear
  1178 | D        | Reached *** piety under Qazlal
  1179 | D        | Reached XP level 6. HP: 31/61 MP: 2/9
  1184 | D        | Killed a fire bat
  1199 | D        | Noticed a floating eye
  1203 | D        | Paralysed by a floating eye for 4 turns
  1208 | D        | Paralysed by a floating eye for 2 turns
  1210 | D        | Killed a floating eye
  1211 | D        | Reached XP level 7. HP: 44/70 MP: 6/11
  1622 | D        | Reached **** piety under Qazlal
  1625 | D        | Noticed an orc sorcerer
  1632 | D        | Noticed a hellwing
  1638 | D        | Killed an orc sorcerer
  1639 | D        | Reached skill level 10 in Fighting
  1639 | D        | Reached skill level 10 in Armour
  1639 | D        | Reached skill level 10 in Shields
  1639 | D        | Reached XP level 8. HP: 39/79 MP: 12/12
  1825 | D        | Reached ***** piety under Qazlal
  1831 | D        | Noticed a snapping turtle
  1833 | D        | Reached skill level 10 in Axes
  1842 | D        | Killed a snapping turtle
  1970 | D        | Reached XP level 9. HP: 89/89 MP: 4/14
  2296 | D        | Noticed a two-headed ogre
  2296 | D        | Noticed a spriggan rider
  2296 | D        | Noticed an ice devil
  2302 | D        | Reached ****** piety under Qazlal
  2304 | D        | Killed a two-headed ogre
  2305 | D        | Reached skill level 10 in Invocations
  2305 | D        | HP: 1/91 [ice devil (23)]
  2307 | D        | Killed an ice devil
  2567 | D        | Noticed a demonic crawler
  2573 | D        | Noticed a smoke demon
  2573 | D        | Noticed a molten gargoyle
  2576 | D        | Killed a smoke demon
  2576 | D        | Noticed an orc knight
  2577 | D        | Noticed an efreet
  2582 | D        | Reached XP level 10. HP: 52/101 MP: 5/16
  2589 | D        | Killed a molten gargoyle
  2590 | D        | Killed an orc knight
  2973 | D        | Noticed an orc high priest
  2973 | D        | Noticed a death yak
  2973 | D        | Noticed a death yak
  2973 | D        | Noticed a death yak
  2973 | D        | Noticed a white draconian
  2974 | D        | Noticed a black mamba
  2975 | D        | Killed an orc high priest
  2975 | D        | Killed a black mamba
  2980 | D        | Killed a death yak
  2981 | D        | Reached XP level 11. HP: 57/111 MP: 9/19
  2987 | D        | Killed a death yak
  2988 | D        | Reached skill level 15 in Fighting
  2988 | D        | Reached skill level 15 in Armour
  2988 | D        | Reached skill level 15 in Shields
  2989 | D        | Killed a death yak
  3005 | D        | Killed a white draconian
  3006 | D        | Reached skill level 15 in Axes
  3408 | D        | Noticed Joseph
  3408 | D        | Noticed a catoblepas
  3409 | D        | Noticed a deep troll
  3410 | D        | Noticed a death knight
  3417 | D        | Killed a deep troll
  3426 | D        | Killed a death knight
  3427 | D        | Killed Joseph
  3431 | D        | Killed a catoblepas
  3856 | D        | Killed a ghost moth
  3884 | D        | Noticed a deep elf zephyrmancer
  3886 | D        | Killed a deep elf zephyrmancer
  3887 | D        | Noticed a bog body
  3929 | D        | Killed a bog body
  4422 | D        | Noticed a merfolk impaler
  4424 | D        | Noticed a merfolk javelineer
  4425 | D        | Noticed Ilsuiw
  4427 | D        | Killed a merfolk javelineer
  4427 | D        | Noticed a sea snake
  4428 | D        | Reached XP level 12. HP: 94/124 MP: 14/21
  4428 | D        | Killed a merfolk impaler
  4434 | D        | Killed Ilsuiw
  4805 | D        | Noticed Maurice
  4815 | D        | Killed Maurice
  4831 | D        | Noticed a boulder beetle
  4843 | D        | Killed a boulder beetle
  4881 | D        | Noticed an orc warlord
  4881 | D        | Noticed an orc warlord
  4881 | D        | Noticed a vault guard
  4881 | D        | Noticed a vault guard
  4882 | D        | Noticed a naga warrior
  4882 | D        | Noticed a dire elephant
  4882 | D        | Noticed a vault guard
  4883 | D        | Killed an orc warlord
  4884 | D        | Reached skill level 15 in Invocations
  4884 | D        | Killed an orc warlord
  4884 | D        | Killed a naga warrior
  4885 | D        | Noticed a vault guard
  4886 | D        | Reached XP level 13. HP: 122/137 MP: 3/23
  4886 | D        | Noticed Rupert
  4897 | D        | Noticed a yellow draconian
  4905 | D        | HP: 4/138 [Rupert/+2 executioner's axe of distortion (3)]
  4905 | D        | Annihilated by Rupert

Illustrated notes

Levels and vault maps discovered:
D:        pitsprint [storerooms_1, entrance_room_1, metal_vault_2, armoury_3,
          mini_pit_1, grid_room_1, main_hall_1, silver_pit, the_coven_3,
          the_vestibule_1, steel_vault_4, golden_pit, hallway_of_sentries,
          crystal_vault_1, iron_vault_1, final_vault]

Skill      XL: |  1  2  3  4  5  6  7  8  9 10 11 12 13 |
---------------+----------------------------------------+-----
Fighting       | 4 5 7 8 9 10 11 13 14 16 19 | 19.4
Axes           | 3 4 6 7 8 9 11 12 14 16 18 | 18.0
Armour         | 4 5 7 8 9 10 11 13 14 16 19 | 19.5
Shields        | 4 5 7 8 9 10 11 13 14 16 19 | 19.4
Invocations    | 1 3 5 6 7 9 10 12 14 15 16 | 16.3

Action                   |  1- 3 |  4- 6 |  7- 9 | 10-12 | 13-15 || total
-------------------------+-------+-------+-------+-------+-------++-------
Melee: War axe           |    29 |    31 |    59 |   102 |    12 ||   233
       Headbutt          |     4 |     6 |    13 |    22 |     4 ||    49
Invok: Upheaval          |       |     1 |     9 |    18 |       ||    28
       Disaster Area     |       |       |     1 |     3 |       ||     4
Evoke: Wand              |       |       |       |     2 |       ||     2
  Use: Potion            |     1 |     2 |     2 |    11 |     2 ||    18
Armor: Scale mail        |    19 |     2 |       |       |       ||    21
       Plate armour      |       |    17 |    47 |    66 |    13 ||   143
Dodge: Dodged            |    13 |    12 |    19 |     9 |     8 ||    61
       Repelled          |       |       |       |     1 |     2 ||     3
Block: Buckler           |    13 |    17 |    58 |    88 |    26 ||   202
